 Dungeon Crawl Stone Soup version 0.21-a0-153-g78480df (webtiles) character file.

14 4thArraOfDagon the Skirmisher (level 2, 17/24 HPs)
             Began as a Gnoll Wanderer on Aug 1, 2017.
             Quit the game on level 4 of the Dungeon.
             The game lasted 00:04:01 (897 turns).

4thArraOfDagon the Skirmisher (Gnoll Wanderer)       Turns: 897, Time: 00:04:01

Health: 17/24      AC:  6    Str:  7    XL:     2   Next: 45%
Magic:  2/2        EV: 10    Int:  7    God:
Gold:   54         SH:  3    Dex:  7    Spells: 1/1 levels left

rFire    . . .     SeeInvis .   c - +0 spear
rCold    + . .     Gourm    .   d - +0 buckler
rNeg     . . .     Faith    .   a - +0 leather armour
rPois    .         Spirit   .   (no helmet)
rElec    .         Reflect  .   (no cloak)
rCorr    .         Harm     .   h - +0 pair of gloves
MR       .....                  (no boots)
Stlth    +.........             (no amulet)
HPRegen  0.08/turn              p - -3 ring of strength (curse)
MPRegen  0.08/turn              (no ring)

@: flying (expiring)
A: unchanging attributes, fangs 1, iridescent scales 1, cold resistance 1,
mutation resistance 1, strong nose
a: no special abilities


You were on level 4 of the Dungeon.
You were not hungry.

You visited 1 branch of the dungeon, and saw 4 of its levels.

You collected 54 gold pieces.

Inventory:

Hand Weapons
 c - a +0 spear (weapon)
Missiles
 b - 4 throwing nets (quivered)
Armour
 a - a +0 leather armour (worn)
 d - a +0 buckler (worn)
 h - a +0 pair of gloves (worn)
Jewellery
 p - a cursed -3 ring of strength (left hand)
Scrolls
 e - a scroll of identify
 l - a scroll of random uselessness
Comestibles
 f - 2 bread rations
 g - 3 meat rations


   Skills:
 + Level 3.2 Fighting
 - Level 2.6 Polearms
   Level 2.6 Bows
 + Level 2.6 Armour
 - Level 1.3 Dodging
 - Level 2.6 Shields


You had one spell level left.
You didn't know any spells.

Dungeon Overview and Level Annotations

Branches:
Dungeon (4/15)
 Temple: D:4-7

Altars:
Gozag

Annotations:
D:3 Terence


Innate Abilities, Weirdness & Mutations

Your physical attributes are unchanging.
You have very sharp teeth.
Your uncanny sense of smell can sniff out nearby items.
You are partially covered in iridescent scales. (AC +2)
Your flesh is cold resistant. (rC+)
You are somewhat resistant to further mutation.


Message History

The gnoll's inner flame fades away.
Unknown command.
The jackal bites you but does no damage.
Unknown command.
Unknown command.
The jackal's inner flame fades away.
The gnoll closely misses you.
Unknown command.
The worker ant twitches its antennae in your direction.
The jackal bites you.
Unknown command.
Unknown command.
Unknown command.
The jackal bites you but does no damage.
The jackal bites you but does no damage.
The gnoll hits you.
You are starting to lose your buoyancy.
You aren't carrying any potions.
Unknown command.
Unknown command.
Are you sure you want to abandon this character and quit the game? (Confirm with "yes".)

##............##
##.....g........##
#......g..........
#..................
#.....g..g..........
##......g.......####
###...........#
####.ggha...#
####@...## ######


You could see a worker ant, 7 gnolls and a jackal.

Vanquished Creatures
  A bat (D:2)
  2 goblins
  A hobgoblin (D:3)
  2 jackals (D:4)
  4 kobolds
  4 rats
14 creatures vanquished.

Notes
Turn   | Place    | Note
-------+----------+-------------------------------------------
     0 | D:1      | 4thArraOfDagon the Gnoll Wanderer began the quest for the Orb.
     0 | D:1      | 4thArraOfDagon set off with: a +0 leather armour, 4 throwing nets, a +0 spear, a +0 buckler, a bread ration
     0 | D:1      | Reached XP level 1. HP: 17/17 MP: 1/1
   131 | D:2      | Reached skill level 3 in Fighting
   269 | D:2      | Reached XP level 2. HP: 13/24 MP: 2/2
   525 | D:3      | Noticed an ogre
   683 | D:3      | Noticed Terence
   804 | D:4      | Gained mutation: You are partially covered in large bone plates. (SH +4) [potion of mutation]
   804 | D:4      | Gained mutation: Scrolls take you a little longer to read. [potion of mutation]
   804 | D:4      | Gained mutation: You are partially covered in molten scales. (AC +2) [potion of mutation]
   840 | D:4      | Found an opulent altar of Gozag.
   882 | D:4      | Lost mutation: Scrolls take you a little longer to read. [potion of mutation]
   882 | D:4      | Lost mutation: You are partially covered in large bone plates. (SH +4) [potion of mutation]
   882 | D:4      | Lost mutation: You are partially covered in molten scales. (AC +2) [potion of mutation]
   882 | D:4      | Gained mutation: Your flesh is cold resistant. (rC+) [potion of mutation]
   882 | D:4      | Gained mutation: You are partially covered in iridescent scales. (AC +2) [potion of mutation]
   882 | D:4      | Gained mutation: You are somewhat resistant to further mutation. [potion of mutation]
   897 | D:4      | Quit the game

Vault maps used:
D:1:      erik_arrival_triangle_small, tso_metal_star
D:2:      okawaru_altar_gauntlet_db, kennysheep_crisscross, uniq_sigmund,
          uniq_jessica, uniq_robin
D:3:      uniq_terence
D:4:      kennysheep_diamond

Skill      XL: |  1 |
---------------+----+-----
Armour         | 2 |  2.6
Fighting       | 3 |  3.2
Polearms       | |  2.6
Bows           | |  2.6
Dodging        | |  1.3
Shields        | |  2.6

Action                   || total
-------------------------++-------
Melee: Spear             ||    62
  Use: Potion            ||     6
       Scroll            ||     3
Armor: Leather armour    ||    24
Dodge: Dodged            ||    57
Block: Buckler           ||    27
